 Dungeon Crawl Stone Soup version 0.24-a0-350-g5b3daab8ba (webtiles) character file.

Game seed: 9032975679347873765

1379 zhorgal the Insei (level 8, -6/45 HPs)
             Began as a Vine Stalker Monk on May 23, 2019.
             Was a Priest of Cheibriados.
             Splashed by an orc's acid (14 damage)
             ... on level 6 of the Dungeon.
             The game lasted 00:13:31 (4251 turns).

zhorgal the Insei (Vine Stalker Monk)               Turns: 4251, Time: 00:13:32

Health: -6/45      AC:  4    Str: 22    XL:     8   Next: 66%
Magic:  0/11       EV:  9    Int: 17    God:    Cheibriados [***...]
Gold:   86         SH:  0    Dex: 25    Spells: 7/7 levels left

rFire    . . .     SeeInvis .     - Unarmed
rCold    . . .     Gourm    .   (no shield)
rNeg     . . .     Faith    .   C - +0 chain mail
rPois    .         Spirit   +   H - +0 helmet
rElec    .         Reflect  .   i - +0 cloak
rCorr    .         Harm     .   I - +0 pair of gloves
MR       +++..                  m - +0 pair of boots
Stlth    ..........             (no amulet)
HPRegen  0.55/turn              y - ring of protection from magic
MPRegen  0.12/turn              M - ring of protection from magic

@: corroded, very slow
A: fangs 3, regeneration 1, magic shield, antimagic bite, no potion heal 3, rot
immunity
a: Bend Time, Temporal Distortion, Renounce Religion


You were on level 6 of the Dungeon.
You worshipped Cheibriados.
Cheibriados was most pleased with you.
You were not hungry.

You visited 1 branch of the dungeon, and saw 8 of its levels.

You collected 317 gold pieces.
You spent 231 gold pieces at shops.

Inventory:

Hand Weapons
 D - a +0 shortbow
 E - a +1 rapier of flaming
Missiles
 k - 235 stones
 n - 33 bolts
 p - 54 sling bullets
 q - 108 arrows
 u - 5 boomerangs
 A - a throwing net
 B - 13 poisoned darts (quivered)
Armour
 a - a +0 robe
 f - a +0 scale mail
 i - a +0 cloak (worn)
 m - a +0 pair of boots (worn)
 r - a scarf of resistance
 C - a +0 chain mail (worn)
 F - a +1 leather armour of fire resistance
 G - a scarf of cloud immunity
 H - a +0 helmet (worn)
 I - a +0 pair of gloves (worn)
 L - a +0 shield
Jewellery
 y - a ring of protection from magic (left hand)
 K - an uncursed ring of positive energy
 M - a ring of protection from magic (right hand)
 N - an uncursed ring of resist corrosion
Wands
 e - a wand of acid (13)
 J - a wand of iceblast (5)
Scrolls
 d - 2 scrolls of random uselessness {unknown}
 l - 3 scrolls of enchant weapon {unknown}
 o - 6 scrolls of remove curse
 s - 4 scrolls of teleportation {unknown}
 v - 3 scrolls of immolation {unknown}
Potions
 c - 2 potions of curing
 g - 2 potions of might
 h - a potion of cancellation
 j - 2 potions of flight
 t - a potion of invisibility
 x - a potion of heal wounds
 z - 2 potions of lignification
 O - 2 potions of mutation
Comestibles
 b - 12 rations
 w - 4 chunks of flesh


   Skills:
 + Level 6.6 Fighting
 - Level 2.4 Dodging
 - Level 2.4 Stealth
 + Level 7.8 Unarmed Combat
 + Level 3.1 Invocations


You had 7 spell levels left.
You didn't know any spells.
Your spell library contained the following spells:

 Spells                   Type           Power        Failure   Level  Hunger
 Confusing Touch          Hex            #.....       94%         1    ##.....
 Corona                   Hex            #......      94%         1    ##.....
 Slow                     Hex            #.......     98%         2    ###....
 Confuse                  Hex            #.......     100%        3    ####...
 Gell's Gravitas          Tloc           #.........   100%        3    ####...
 Inner Flame              Hex/Fire       #.......     100%        3    ####...
 Portal Projectile        Hex/Tloc       #.....       100%        3    ####...
 Cause Fear               Hex            #.........   100%        4    #####..
 Leda's Liquefaction      Hex/Erth       #.........   100%        4    #####..
 Petrify                  Tmut/Erth      #.......     100%        4    #####..
 Metabolic Englaciation   Hex/Ice        #.........   100%        5    ######.
 Yara's Violent Unravell  Hex/Tmut       #.........   100%        5    ######.


Dungeon Overview and Level Annotations

Branches:
Dungeon (8/15)
 Temple: D:4-7         Lair: D:8-11

Altars:
Cheibriados
Nemelex Xobeh
Wu Jian
The Shining One

Shops:
D:8 *


Innate Abilities, Weirdness & Mutations

You have razor-sharp teeth.
Your natural rate of healing is unusually fast.
When hurt, damage is shared between your health and your magic reserves.
Your bite disrupts and absorbs the magic of your enemies.
Potions cannot restore your health.
You are immune to rotting.


Message History

You take 2 damage, and have 21/45 hp.
You now have 6/11 mp.
You punch the orc!
You kill the orc!
Cheibriados appreciates the change of pace.
An orc comes into view.
It is wielding a +0 club and carrying a wand of acid (9).
The orc priest hits you but does no damage.
The orc priest barely misses you.
You see here an orc corpse.
You punch the orc priest! The orc priest closely misses you.
You punch the orc priest!
You kill the orc priest!
Cheibriados thoroughly appreciates the change of pace.
There is an open door, spattered with blood here.
Things that are here:
a +0 trident; a cursed +0 plate armour; an orc corpse The orc zaps a wand.
The bolt of acid hits you. The acid corrodes you!
You are splashed with acid!
The orc zaps a wand.
The bolt of acid hits you!
* * * LOW HITPOINT WARNING * * *
The acid corrodes you!
You are splashed with acid!
You die...

............#
............#######
.........÷..'....>#
.......)....#####.#
......o.†)..# #.#
........#o### #.#
........#.# #.#
#########.#######.#
#@......#.#
#..####.#.# #..#
#.#.#
#####..####)#.#
#...........#.#
#......######.#
#......# #.#
#......# #.#
#......# #.#


You could see an orc.

Vanquished Creatures
  Eustachio (D:4)
  An orc warrior (D:6)
  A phantom (D:5)
  3 ogres
  2 centaurs
  A bullfrog (D:6)
  4 howler monkeys
  2 hounds
  3 orc priests
  An orc wizard (D:8)
  An iguana (D:4)
  A worker ant (D:5)
  Natasha (twice) (D:4)
  A killer bee zombie (D:5)
  Robin (D:4)
  A worker ant zombie (D:6)
  A howler monkey skeleton (D:4)
  4 adders
  A dart slug (D:1)
  3 leopard geckos
  18 orcs
  A ball python (D:3)
  3 giant cockroaches
  14 goblins
  A hobgoblin (D:4)
  2 quokkas
  7 bats
  6 frilled lizards
  A jackal skeleton (D:6)
  A jackal zombie (D:5)
  2 kobolds
  A leopard gecko zombie (D:5)
  A quokka skeleton (D:4)
  6 rats
99 creatures vanquished.

Notes
Turn   | Place    | Note
-------+----------+-------------------------------------------
     0 | D:1      | zhorgal the Vine Stalker Monk began the quest for the Orb.
     0 | D:1      | Reached XP level 1. HP: 11/11 MP: 2/2
   358 | D:1      | Reached XP level 2. HP: 16/16 MP: 3/3
  1075 | D:2      | Found a sparkling altar of Nemelex Xobeh.
  1115 | D:2      | Reached skill level 4 in Unarmed Combat
  1115 | D:2      | Reached XP level 3. HP: 15/19 MP: 2/4
  1377 | D:2      | Found an ornate altar of the Wu Jian Council.
  2553 | D:4      | Gained mutation: Your natural rate of healing is unusually
                  | fast. [Vine Stalker growth]
  2553 | D:4      | Reached XP level 4. HP: 18/24 MP: 5/5
  2619 | D:4      | Noticed an ogre
  2630 | D:4      | Killed an ogre
  2630 | D:4      | Reached skill level 5 in Unarmed Combat
  2630 | D:4      | Reached XP level 5. HP: 18/29 MP: 4/6
  2721 | D:4      | Noticed Robin
  2728 | D:4      | Noticed Eustachio
  2768 | D:4      | Killed Robin
  2768 | D:4      | Reached XP level 6. HP: 32/33 MP: 7/7
  2792 | D:4      | Killed Eustachio
  2891 | D:4      | Reached skill level 6 in Unarmed Combat
  2951 | D:4      | Noticed Natasha
  2960 | D:4      | Killed Natasha
  2960 | D:4      | Reached XP level 7. HP: 32/38 MP: 8/8
  3138 | D:4      | Noticed Natasha
  3146 | D:4      | Killed Natasha
  3285 | D:4      | Found a snail-covered altar of Cheibriados.
  3288 | D:4      | Became a worshipper of Cheibriados the Contemplative
  3288 | D:4      | Reached * piety under Cheibriados
  3288 | D:4      | Reached ** piety under Cheibriados
  3320 | D:5      | Entered Level 5 of the Dungeon
  3334 | D:5      | Reached skill level 5 in Fighting
  3501 | D:5      | Reached skill level 7 in Unarmed Combat
  3655 | D:5      | Gained mutation: You have razor-sharp teeth. [Vine Stalker
                  | growth]
  3655 | D:5      | Reached XP level 8. HP: 44/44 MP: 9/9
  3672 | D:5      | Reached skill level 1 in Invocations
  3888 | D:5      | You fall into a shaft and drop 3 floors!
  3890 | D:8      | Found a glowing golden altar of the Shining One.
  4011 | D:8      | Reached *** piety under Cheibriados
  4056 | D:8      | Found Ruchi's Assorted Antiques.
  4068 | D:8      | Bought a scroll of identify for 66 gold pieces
  4068 | D:8      | Bought a twisted agate ring for 165 gold pieces
  4251 | D:6      | Splashed by an orc's acid

Levels and vault maps discovered:
D:1:      dpeg_arrival_rooms_with_view, layout_loops_corners, minmay_liquid_box,
          glass_columns_a
D:2:      layout_basic, lemuel_round_altar, nemelex_diamond_rough_becter
D:3:      layout_basic, minmay_puff
D:4:      cheibrodos_quashed, layout_loops_cross, kennysheep_mini, uniq_robin,
          uniq_eustachio, uniq_natasha
D:5:      layout_cave_pools, first_ration
D:6:      layout_basic, temple_hall, ebering_ghost_rock_garden, lightli_minifort
D:7:      layout_gridville
D:8:      layout_gridville, tso_metal_star, nicolae_overflow_crystal_walls,
          nicolae_overflow_hidden_temple, serial_shops, shop

Skill      XL: |  1  2  3  4  5  6  7  8 |
---------------+-------------------------+-----
Unarmed Combat | 4 5 6 7 |  7.8
Fighting       | 3 4 5 6 |  6.6
Invocations    | 3 |  3.1
Dodging        | |  2.4
Stealth        | |  2.4

Action                   |  1- 3 |  4- 6 |  7- 9 || total
-------------------------+-------+-------+-------++-------
Melee: Unarmed           |   112 |   105 |   142 ||   359
       Bite              |    19 |    33 |    59 ||   111
       Punch             |       |     6 |     8 ||    14
Throw: Dart              |       |     4 |    10 ||    14
  Use: Scroll            |       |       |    12 ||    12
 Stab: Sleeping          |     1 |       |       ||     1
  Eat: Chunk             |     2 |     1 |     3 ||     6
       Ration            |     1 |       |       ||     1
Armor: Robe              |     4 |       |       ||     4
       Scale mail        |    48 |    36 |    35 ||   119
       Chain mail        |       |       |    32 ||    32
Dodge: Dodged            |    59 |    46 |    70 ||   175

Table legend:
 A = Non-vault XP
 B = Vault XP
 C = Vault XP percentage of total XP
 D = Non-vault monster count
 E = Vault monster count
 F = Vault count percentage of total count
                 A         B        C        D         E       F
            +---------+---------+-------+---------+---------+-------
      Total |    1706 |     264 |  13.4 |      79 |      20 |  20.2
            +---------+---------+-------+---------+---------+-------
        D:1 |      23 |       2 |   8.0 |      15 |       2 |  11.8
        D:2 |      16 |       0 |   0.0 |       4 |       0 |   0.0
        D:3 |      19 |       8 |  29.6 |       9 |       4 |  30.8
        D:4 |     335 |     254 |  43.1 |      16 |      14 |  46.7
        D:5 |     694 |       0 |   0.0 |      21 |       0 |   0.0
        D:6 |     329 |       0 |   0.0 |       8 |       0 |   0.0
        D:8 |     290 |       0 |   0.0 |       6 |       0 |   0.0
            +---------+---------+-------+---------+---------+-------
